 Dungeon Crawl Stone Soup version 0.29.1-1-gd02db6906a (webtiles) character file.

Game seed: 18307894129434533078

12851 hawla the Destroyer (level 11, -3/86 HPs)
             Began as a Purple Draconian Conjurer on Oct 21, 2022.
             Was a Priest of Vehumet.
             Shot with a bolt by a tengu warrior (22 damage)
             ... on level 12 of the Dungeon.
             The game lasted 00:34:00 (17133 turns).

hawla the Destroyer (Purple Draconian Conjurer)    Turns: 17133, Time: 00:34:00

Health: -3/86      AC:  9    Str: 13    XL:     11   Next: 67%
Magic:  16/23      EV: 29    Int: 22    God:    Vehumet [***...]
Gold:   632        SH:  0    Dex: 17    Spells: 19/26 levels left

rFire   + . .      SeeInvis .   C - +10 rapier "Kuusi" {freeze, rN++ Str+2 Dex+2}
rCold   + . .      Faith    .   (no shield)
rNeg    + + .      Spirit   .   (body armour unavailable)
rPois   .          Reflect  .   (helmet restricted)
rElec   .          Harm     .   D - scarf {rC+ rF+}
rCorr   .          Rampage  .   (no gloves)
Will    +....                   h - +1 pair of boots
Stlth   ++........              g - amulet of the acrobat
HPRegen 0.24/turn               m - +4 ring of slaying
MPRegen 0.18/turn               t - +6 ring of dexterity

@: acrobatic
A: breathe power, AC +7, unfitting armour, cold-blooded, stinger 1, noise
suppression
a: Breathe Dispelling Energy, Renounce Religion


You were on level 12 of the Dungeon.
You worshipped Vehumet.
Vehumet was most pleased with you.
You visited 2 branches of the dungeon, and saw 13 of its levels.

You collected 923 gold pieces.
You spent 291 gold pieces at shops.

Inventory:

Hand Weapons
 k - a +3 quarterstaff of freezing
 C - the +10 rapier "Kuusi" (weapon) {freeze, rN++ Str+2 Dex+2}
   (You found it on level 10 of the Dungeon)

   It freezes those it strikes, dealing additional cold damage.
   It can also slow down cold-blooded creatures.
   Str:       It affects your strength (+2).
   Dex:       It affects your dexterity (+2).
   rN:        It greatly protects you from negative energy.
Armour
 h - a +1 pair of boots (worn)
 l - a +1 cloak of willpower
 D - a scarf of resistance (worn)
Jewellery
 e - a ring of protection from cold
 g - an amulet of the acrobat (around neck)
 m - a +4 ring of slaying (left hand)
 q - a ring of protection from cold
 t - a +6 ring of dexterity (right hand)
 E - an amulet of reflection
Wands
 d - a wand of flame (23)
 y - a wand of polymorph (6)
Scrolls
 a - a scroll of magic mapping
 b - a scroll of blinking
 c - 4 scrolls of poison
 o - 2 scrolls of fog
 v - a scroll of brand weapon
 w - a scroll of identify
 x - 2 scrolls of teleportation
 F - a scroll of enchant armour
Potions
 f - 2 potions of brilliance {unknown}
 i - 7 potions of heal wounds
 j - 4 potions of flight
 n - 2 potions of resistance
 p - a potion of might
 s - 5 potions of curing
 u - 2 potions of berserk rage
 z - a potion of lignification
 A - a potion of cancellation
Miscellaneous
 B - a phantom mirror (inert)


   Skills:
 + Level 5.0 Fighting
 + Level 1.1 Short Blades
 + Level 6.6 Staves
 + Level 5.0 Dodging
 - Level 1.7 Stealth
 + Level 8.3 Spellcasting
 + Level 13.6 Conjurations
 + Level 5.7 Translocations
 + Level 1.6 Evocations


You had 19 spell levels left.
You knew the following spells:

 Your Spells              Type           Power      Damage    Failure   Level
a - Magic Dart            Conj           100%       1d8       1%          1
b - Searing Ray           Conj           100%       2d8       1%          2
c - Iskenderun's Mystic   Conj/Tloc      51%        2d11      1%          4

Your spell library contained the following spells:

 Spells                   Type           Power      Damage    Failure   Level
 Poisonous Vapours        Pois/Air       18%        N/A       3%          2
 Dazzling Flash           Conj/Hex       78%        N/A       1%          3
 Fulminant Prism          Conj/Hex       19%        3d11      1%          4
 Lightning Bolt           Conj/Air       19%        1d34      3%          5
 Portal Projectile        Hex/Tloc       42%        N/A       7%          3
 Beastly Appendage        Tmut           18%        N/A       8%          1
 Wereblood                Tmut           9%         N/A       11%         2
 Starburst                Conj/Fire      19%        6d7       17%         6
 Airstrike                Air            4%         2d(1-17)  19%         4
 Call Canine Familiar     Summ           9%         N/A       22%         3
 Spider Form              Tmut/Pois      9%         N/A       22%         3
 Leda's Liquefaction      Hex/Erth       4%         N/A       58%         4
 Summon Lightning Spire   Summ/Air       9%         N/A       58%         4


Dungeon Overview and Level Annotations

Branches:
Dungeon (12/15)            Temple (1/1) D:4            Lair (0/5) D:8
    Orc (0/2) D:9

Altars:
Ashenzari
Cheibriados
Dithmenos
Elyvilon
Fedhas
Gozag
Hepliaklqana
Kikubaaqudgha
Makhleb
Nemelex Xobeh
Okawaru
Qazlal
Ru
Sif Muna
Trog
Uskayaw
Vehumet
Wu Jian
Xom
Yredelemnul
Zin
The Shining One

Shops:
D:3 *   D:5 *   D:7 *   D:9 [[

Portals:
Trove: D:11 (give +6 fire dragon scales)

Annotations:
D:9 2 runed translucent doors, TheSexyCheese's ghost, novice HOBe


Innate Abilities, Weirdness & Mutations

You can breathe bolts of dispelling energy.
Your rich purple scales are hard. (AC +7)
You cannot fit into any form of body armour.
You are cold-blooded and may be slowed by cold attacks.
Your tail ends in a venomous barb.
You passively dampen the noise of your surroundings.


Message History

(Press . to maintain the ray.)
The searing ray hits the water elemental.
The water elemental is lightly damaged.
The searing ray hits the water elemental!
The water elemental is heavily damaged.
The searing ray hits the water elemental.
The water elemental is heavily damaged.
You finish channelling your searing ray.
The water elemental completely misses you.
Casting: Searing Ray (safe; 1% risk of failure)
Confirm with . or Enter, or press ? or * to list all spells.
You erupt in a blast of force!
The mystic blast hits the water elemental!
The water elemental is almost destroyed.
The water elemental is knocked back by the mystic blast.
You hear a shout!
Casting: Iskenderun's Mystic Blast (safe; 1% risk of failure)
Confirm with . or Enter, or press ? or * to list all spells.
Aiming: Searing Ray (safe; 1% risk of failure)
Press: ? - help, Shift-Dir - straight line, f/p - water elemental
Aim: a water elemental (almost destroyed, 90% to hit)
The searing ray hits the water elemental.
You destroy the water elemental!
Vehumet accepts your kill. (Press . to maintain the ray.)
The tengu warrior unwields a +0 war axe.
The tengu warrior wields a +0 arbalest.
The tengu warrior shoots a bolt.
The bolt hits you!!
Your Fighting skill increases to level 5!
A tengu warrior is nearby!
The tengu warrior shoots a bolt.
The bolt hits you!!
The tengu warrior shoots a bolt.
The bolt hits you!!
The tengu warrior shoots a bolt.
The bolt hits you!
* * * LOW HITPOINT WARNING * * *
As you read the scroll of fog, it crumbles to dust.
The scroll dissolves into smoke.
A tengu warrior is nearby!
The tengu warrior shoots a bolt.
The bolt completely misses you.
The tengu warrior shoots a bolt.
The bolt hits you!!
You die...

####§# #Q# #. ....# #§##
#.. ...# #.§# ..
...######.##
.....#.......#
.#...#.##.#.# ######.#
....#.##.#.###...)..#
#####.#.#.##.#@.....#####
#....<....##..>..##.#
#.###.....######.##.#
#.....######.##.#
#............##.#
#.#.#........####.#
#..........# ####.#
###.#..#...# #....#
#.#..#.....#.####


You could see a tengu warrior.

Vanquished Creatures
  2 two-headed ogres
  A wizard (D:11)
  Pikel (D:5)
  3 ugly things
  A deep elf pyromancer (D:12)
  A black mamba (shapeshifter) (D:5)
  An eye of devastation (D:11)
  Maggie (D:7)
  A hornet (D:11)
  Sigmund (D:5)
  A water elemental (D:12)
  3 wraiths
  24 yaks
  A steam dragon (D:9)
  An acid dragon (D:11)
  2 water moccasins
  2 orc warriors
  2 sky beasts
  2 black bears
  3 ice beasts
  2 ogres
  5 centaurs
  3 kobold brigands
  4 phantoms
  A necrophage (D:5)
  2 gnoll sergeants
  2 bullfrogs
  A scorpion (D:6)
  3 killer bees (D:8)
  A howler monkey (D:9)
  An electric eel (D:12)
  A crimson imp (D:11)
  5 jellies
  3 orc priests
  A hound (D:5)
  Crazy Yiuf (D:2)
  Ijyb (D:3)
  An iguana (D:7)
  5 orc wizards
  13 gnolls
  8 adders
  3 worms
  4 dart slugs
  39 orcs
  13 endoplasms
  2 giant cockroaches
  5 goblins
  8 hobgoblins
  3 jackals (D:1)
  29 kobolds
  6 quokkas
  8 ball pythons
  3 bats
  2 frilled lizards
  6 rats
249 creatures vanquished.

Vanquished Creatures (collateral kills)
  A kobold brigand (D:9)
  An orc wizard (D:9)
  An orc (D:9)
  4 kobolds (D:9)
7 creatures vanquished.

Vanquished Creatures (others)
  5 fungi (D:3)
  7 plants
  13 toadstools (D:3)
25 creatures vanquished.

Grand Total: 281 creatures vanquished

Notes
Turn   | Place    | Note
-------+----------+-------------------------------------------
     0 | D:1      | hawla the Draconian Conjurer began the quest for the Orb.
     0 | D:1      | Reached XP level 1. HP: 14/14 MP: 3/3
   272 | D:1      | Reached XP level 2. HP: 16/20 MP: 0/5
   373 | D:1      | Learned a level 2 spell: Searing Ray
   789 | D:1      | Reached XP level 3. HP: 9/26 MP: 3/6
  1495 | D:2      | Identified the +3 leather armour of Resourcefulness {Will+
                  | Regen+}
  1551 | D:2      | Found a runed translucent door.
  1552 | D:2      | Noticed Crazy Yiuf
  1919 | D:2      | Reached skill level 5 in Conjurations
  2343 | D:2      | Reached XP level 4. HP: 33/33 MP: 5/8
  2348 | D:2      | Learned a level 4 spell: Iskenderun's Mystic Blast
  2515 | D:2      | Killed Crazy Yiuf
  3243 | D:3      | Found a faded altar of an unknown god.
  3461 | D:3      | Reached XP level 5. HP: 38/38 MP: 6/9
  3466 | D:3      | Reached skill level 6 in Conjurations
  3475 | D:3      | Found Ucoor Losi's Assorted Antiques.
  3588 | D:3      | Noticed Ijyb
  3601 | D:3      | Killed Ijyb
  4135 | D:3      | Reached skill level 7 in Conjurations
  4135 | D:3      | Reached XP level 6. HP: 44/45 MP: 7/10
  5098 | D:4      | Reached skill level 8 in Conjurations
  5098 | D:4      | Your scales start taking on a rich purple colour.
  5098 | D:4      | Reached XP level 7. HP: 23/50 MP: 0/11
  5276 | D:4      | Found a broken altar of Ashenzari.
  5366 | D:4      | Noticed a yak
  5380 | D:4      | Killed a yak
  5518 | D:4      | Noticed a yak
  5518 | D:4      | Noticed a yak
  5518 | D:4      | Noticed a yak
  5518 | D:4      | Noticed a yak
  5532 | D:4      | Killed a yak
  5533 | D:4      | Reached skill level 9 in Conjurations
  5537 | D:3      | Killed a yak
  5538 | D:3      | Reached skill level 1 in Translocations
  5726 | D:4      | Killed a yak
  5727 | D:4      | Reached skill level 10 in Conjurations
  5727 | D:4      | Reached XP level 8. HP: 49/57 MP: 0/12
  5973 | D:4      | Found a staircase to the Ecumenical Temple.
  6167 | D:5      | Entered Level 5 of the Dungeon
  6316 | D:5      | Noticed a shapeshifter
  6316 | D:5      | a gnoll changed into a shapeshifter
  6316 | D:5      | Noticed a jumping spider
  6316 | D:5      | a shapeshifter changed into a jumping spider
  6319 | D:5      | Noticed Sigmund
  6570 | D:5      | Found a sacrificial altar of Ru.
  6594 | D:5      | Noticed Pikel
  6610 | D:5      | Killed Pikel
  6611 | D:5      | Reached skill level 11 in Conjurations
  6702 | D:5      | Found a shimmering blue altar of Sif Muna.
  6703 | D:5      | Noticed a polar bear
  6703 | D:5      | a yak changed into a polar bear
  6750 | Temple   | Entered the Ecumenical Temple
  6896 | Temple   | Became a worshipper of Vehumet
  7085 | D:5      | Reached skill level 1 in Staves
  7086 | D:5      | Killed Sigmund
  7087 | D:5      | Reached XP level 9. HP: 63/63 MP: 5/14
  7119 | D:5      | Reached skill level 1 in Fighting
  7119 | D:5      | Reached skill level 12 in Conjurations
  7390 | D:5      | Noticed a black mamba
  7400 | D:5      | Killed a black mamba
  7763 | D:5      | Found Zucuox's Assorted Antiques.
  7905 | D:3      | Bought a scroll labelled NYUFOULUCE for 27 gold pieces
  7905 | D:3      | Bought a potion of curing for 81 gold pieces
  7905 | D:3      | Bought a scroll labelled HORGHI WIAZAGGU for 27 gold pieces
  7905 | D:3      | Bought a scroll labelled NEEGRE PYSUOMU for 27 gold pieces
  7963 | D:5      | Bought a metallic pink potion for 24 gold pieces
  7963 | D:5      | Bought a scroll labelled USTEOLUITERR for 27 gold pieces
  7963 | D:5      | Bought a murky ruby potion for 24 gold pieces
  7987 | D:6      | Gained mutation: Your tail ends in a venomous barb. [potion
                  | of mutation]
  7987 | D:6      | Gained mutation: You passively dampen the noise of your
                  | surroundings. [potion of mutation]
  8539 | D:6      | Found a hazy altar of Hepliaklqana.
  9449 | D:5      | Bought a scroll of identify for 54 gold pieces
  9600 | D:6      | You fall into a shaft and drop 1 floor!
  9752 | D:7      | Noticed Maggie
  9765 | D:7      | Killed Maggie
  9965 | D:7      | Found Itogownu's Fire Supplies.
 10092 | D:7      | Reached skill level 5 in Spellcasting
 10123 | D:7      | Reached XP level 10. HP: 77/77 MP: 5/17
 10236 | D:7      | Noticed a two-headed ogre
 10623 | D:7      | Reached * piety under Vehumet
 10623 | D:7      | Offered knowledge of Sandblast by Vehumet.
 10738 | D:7      | Found a hide-covered altar of Uskayaw.
 10774 | D:7      | Killed a two-headed ogre
 11802 | D:8      | Reached skill level 5 in Staves
 12132 | D:8      | Found a staircase to the Lair.
 12332 | D:9      | Found Pegrisem's Armour Shop.
 12332 | D:9      | Found a staircase to the Orcish Mines.
 13074 | D:9      | Found Venoshaulu's Antique Armour Boutique.
 13173 | D:9      | Found a shadowy altar of Dithmenos.
 13179 | D:9      | Reached skill level 13 in Conjurations
 13189 | D:9      | Reached ** piety under Vehumet
 13193 | D:9      | Offered knowledge of Freeze by Vehumet.
 13335 | D:9      | Found a large runed translucent door.
 13335 | D:9      | Found a large runed translucent door.
 13341 | D:9      | Noticed TheSexyCheese's ghost (novice HOBe)
 13648 | D:10     | Entered Level 10 of the Dungeon
 13648 | D:10     | Noticed a cyan ugly thing
 13664 | D:10     | Killed a brown ugly thing
 13665 | D:10     | Reached XP level 11. HP: 64/85 MP: 1/21
 14034 | D:10     | Reached skill level 1 in Evocations
 14263 | D:10     | Offered knowledge of Poisonous Vapours by Vehumet.
 14346 | D:10     | Identified the +10 rapier "Kuusi" {freeze, rN++ Str+2
                  | Dex+2}
 14477 | D:10     | Noticed a two-headed ogre
 14483 | D:10     | Killed a two-headed ogre
 14674 | D:11     | Noticed a boulder beetle
 14676 | D:11     | a boulder beetle changed into an eye of devastation
 14963 | D:11     | Found a portal to a secret trove of treasure.
 14970 | D:11     | Reached skill level 5 in Translocations
 14972 | D:11     | Reached *** piety under Vehumet
 14979 | D:11     | Noticed a brown ugly thing
 15215 | D:11     | Killed a brown ugly thing
 15425 | D:11     | Noticed a wizard
 15435 | D:11     | Killed a wizard
 15436 | D:11     | Reached skill level 1 in Short Blades
 15725 | D:12     | Noticed a tengu warrior
 16063 | D:12     | Noticed a purple ugly thing
 16386 | D:12     | Killed a purple ugly thing
 16541 | D:12     | Noticed a four-headed hydra
 17023 | D:12     | Noticed a deep elf pyromancer
 17032 | D:12     | Killed a deep elf pyromancer
 17033 | D:12     | Reached skill level 5 in Dodging
 17118 | D:12     | Reached skill level 5 in Fighting
 17133 | D:12     | Shot with a bolt by a tengu warrior

Illustrated notes

Levels and vault maps discovered:
D:1:      dpeg_arrival_yet_another_circle, layout_rooms
D:2:      layout_loops_ring, kennysheep_generic_room_16, uniq_crazy_yiuf_cottage
D:3:      cheibrodos_fertilizer, layout_basic, chequers_ecumenical_altar_twisty,
          serial_shops, shop, uniq_ijyb
D:4:      layout_loops_ring, ashenzari_altar_1,
          minmay_temple_entry_gardened_gates, wad_rectangle_vault
D:5:      layout_rooms, lemuel_doored_altar, nicolae_overflow_crystal_walls,
          serial_shops, nicolae_shop_stone, uniq_sigmund, uniq_pikel
D:6:      layout_cave_pods, mainiacjoe_overflow_brackets,
          minmay_tree_intersection, kennysheep_cluttered_room
D:7:      layout_basic, mainiacjoe_overflow_concentric_impassable,
          serial_corexii_hall, corexii_hall_statues_x, corexii_hall_statues_i,
          chequers_hall_statues_wall_a, corexii_hall_statues_l, corner_web_ring,
          kennysheep_nub, nicolae_shop_fire_sale [nicolae_sub_dead_trees],
          uniq_maggie
D:8:      layout_loops_corners, lair_entry_dummy, minmay_door_square,
          minmay_misc_feat_pillars, serial_bayou_pond_c
D:9:      layout_basic, amcnicky_altar_gilded, orc_david_3, serial_shops,
          nicolae_shop_temple_entry_statues_fountains,
          ebering_ghost_disaster_area
D:10:     layout_roguey
D:11:     layout_long_grid, nicolae_trove_entry_free_sample,
          small_statue_alley_a, lightli_wizard_tower
D:12:     layout_basic
Temple:   kb_temple_of_zot

Skill      XL: |  1  2  3  4  5  6  7  8  9 10 11 |
---------------+----------------------------------+-----
Conjurations   | 5 7 8 10 11 12 13 | 13.6
Spellcasting   | 3 5 6 8 |  8.3
Translocations | 1 2 4 5 |  5.7
Dodging        | 2 3 4 5 |  5.0
Staves         | 1 4 5 6 |  6.6
Fighting       | 3 4 5 |  5.0
Evocations     | 1 |  1.6
Short Blades   | 1 |  1.1
Stealth        | |  1.7

Action                   |  1- 3 |  4- 6 |  7- 9 | 10-12 || total
-------------------------+-------+-------+-------+-------++-------
Melee: Unarmed           |    15 |       |       |       ||    15
       Tailslap          |     2 |     5 |    13 |    20 ||    40
       Punch             |     1 |       |       |       ||     1
       Quarterstaff      |       |    46 |    90 |    77 ||   213
       Rapier            |       |       |       |    15 ||    15
 Cast: Magic Dart        |    43 |    20 |    13 |     9 ||    85
       Searing Ray       |    16 |    29 |    30 |    37 ||   112
       Iskenderun's Myst |       |     3 |    22 |    74 ||    99
Evoke: Wand              |       |       |     4 |    10 ||    14
       Phantom mirror    |       |       |       |     1 ||     1
  Use: Potion            |     3 |     2 |     3 |     1 ||     9
       Scroll            |       |     9 |    13 |    10 ||    32
 Stab: Sleeping          |       |       |     1 |     2 ||     3
Armor: Skin              |     5 |    17 |    71 |    62 ||   155
Dodge: Dodged            |    25 |    59 |   108 |   189 ||   381
